 Dungeon Crawl Stone Soup version 0.29-a0-284-gf9362112df (webtiles) character file.

Game seed: 92083191305164176

421 spaghetti the Ducker (level 6, -1/42 HPs)
             Began as an Octopode Chaos Knight on Mar 21, 2022.
             Was a Plaything of Xom.
             Slain by an ogre
             ... wielding a +0 giant club
              (26 damage)
             ... on level 4 of the Dungeon.
             The game lasted 00:08:26 (3467 turns).

spaghetti the Ducker (Octopode Chaos Knight)        Turns: 3467, Time: 00:08:26

Health: -1/42      AC:  1    Str: 11    XL:     6   Next: 94%
Magic:  6/6        EV: 15    Int: 15    God:    Xom [...*..]
Gold:   166        SH:  0    Dex: 13    Spells: 3/5 levels left

rFire   . . .      SeeInvis .   v - +2 quarterstaff (chaos) {staff}
rCold   . . .      Faith    .   (shield currently unavailable)
rNeg    . . .      Spirit   .   (helmet restricted)
rPois   .          Reflect  .   (no amulet)
rElec   .          Harm     .   (no ring)
rCorr   .          Rampage  .   (no ring)
Will    .....                   (no ring)
Stlth   ++........              (no ring)
HPRegen 0.14/turn               (no ring)
MPRegen 0.10/turn               (no ring)
                                (no ring)
                                (no ring)

@: no status effects
A: almost no armour, amphibious, 8 rings, camouflage 1, gelatinous body 1,
(nimble swimmer 1), tentacles
a: Renounce Religion


You were on level 4 of the Dungeon.
You worshipped Xom.
You were a favourite toy of Xom.
You visited 1 branch of the dungeon, and saw 4 of its levels.

You collected 166 gold pieces.


Innate Abilities, Weirdness & Mutations

You cannot wear most types of armour.
You are amphibious.
You can wear up to eight rings at the same time.
Your skin changes colour to match your surroundings (Stealth+).
Your rubbery body absorbs attacks. (AC +1, EV +1)
((You are camouflaged when in or above water. (Stealth+)))
You have tentacles for arms and can constrict up to eight enemies at once.


   Skills:
 - Level 3.0 Fighting
 - Level 3.0 Long Blades
 + Level 6.1 Dodging
 + Level 3.7 Translocations


You had 3 spell levels left.
You knew the following spells:

 Your Spells              Type           Power      Damage    Failure   Level
a - Blink                 Tloc           22%        N/A       9%          2

Your spell library contained the following spells:

 Spells                   Type           Power      Damage    Failure   Level
 Manifold Assault         Tloc           11%        N/A       85%         5
 Storm Form               Tmut/Air       0%         N/A       100%        7

Inventory:

Hand Weapons
 a - a +0 falchion of chaos {long}
 j - a +3 short sword {short}
   (You took it off a kobold on level 2 of the Dungeon)
 v - a +2 quarterstaff of chaos (weapon) {staff}
   (You took it off Crazy Yiuf on level 3 of the Dungeon)
Missiles
 d - 227 stones (quivered) {throwing}
 o - 2 boomerangs {throwing}
Armour
 x - an orb of wrath
   (You found it on level 4 of the Dungeon)
Jewellery
 k - a ring of positive energy
   (You found it on level 2 of the Dungeon)
Wands
 n - a wand of flame (33)
   (You took it off Sigmund on level 3 of the Dungeon)
 u - a wand of paralysis (9)
   (You found it on level 3 of the Dungeon)
 w - a wand of polymorph (3)
   (You found it on level 4 of the Dungeon)
Scrolls
 c - a scroll of acquirement {unknown}
 e - a scroll of brand weapon {unknown}
 f - a scroll of teleportation {unknown}
 g - a scroll of silence {unknown}
 q - a scroll of noise {unknown}
 r - a scroll of identify {unknown}
 t - a scroll of fog {unknown}
 y - 2 scrolls of enchant armour {unknown}
Potions
 h - a potion of attraction {unknown}
 i - a potion of flight {unknown}
 l - a potion of berserk rage {unknown}
 m - a potion of might {unknown}
 p - 2 potions of curing {unknown}
 s - a potion of lignification {unknown}
Miscellaneous
 b - a piece from Xom's chessboard (15/15) {!v}

Dungeon Overview and Level Annotations

Branches:
Dungeon (4/15)
 Temple: D:4-7

Altars:
Dithmenos
Kikubaaqudgha

#. #.# #.#...
#####.######.# #.#...
..........##.######.....
...≈.≈..⌠..............#
..≈≈≈≈≈...#......##.....
..≈≈≈≈≈≈.##..#.......###
...≈≈≈≈≈.##.#...).......
.....≈O...#.....).......
......≈@..#.............
#.⌠....≈_.#.....[....#.#
#...##....#.###..##.....
#..# ######. #..#####.#
#.. .. ...# .. # ##.## .
..# ...


You could see an ogre (very poisoned).


Message History

Things that are here:
a +0 giant club {mace}; an ogre corpse
Things that are here:
a +0 giant club {mace}; an ogre corpse A goblin comes into view.
It is wielding a +0 dagger.
The goblin shouts!
You see here 12 gold pieces.
You now have 153 gold pieces (gained 12).
The goblin misses you.
You hit the goblin. Your grab misses the goblin. The goblin closely misses you.
The goblin hits you with a +0 dagger. 😕 HP[-2]
You take 2 damage, and now have 40/42 hp.
You barely miss the goblin. You grab the goblin. You constrict the goblin.
You kill the goblin!
w - a wand of polymorph (3)
Things that are here:
a +0 dagger {short}; a goblin corpse 😕 HP[+1]
You see here an orb of wrath.
x - an orb of wrath You aren't carrying any currently wearable armour.
You aren't carrying any currently wearable armour.
y - a scroll labelled SUTICIAM XIC 😎 HP[+1]
Your hp is fully restored (42).
y - 2 scrolls labelled SUTICIAM XIC (gained 1)
An orc comes into view. It is wielding a +0 whip.
The orc shouts!
An orc is nearby!
An orc is nearby!
A kobold comes into view. It is wielding a +0 dagger.
Found a stone staircase leading up.
The kobold moves out of view.
The orc closely misses you.
You barely miss the orc.
The kobold shouts!
Your grab misses the orc. The orc hits you but does no damage.
You closely miss the orc. You grab the orc. You constrict the orc.
The orc hits you with a +0 whip.
A worm comes into view.
The orc hits you with a +0 whip. 😕 HP[-3]
You take 3 damage, and now have 39/42 hp.
You hit the orc.
You kill the orc!
The kobold barely misses you.
You sock the kobold!
You kill the kobold! 😕 HP[+1]
You throw a stone {throwing}.
The stone {throwing} hits the worm but does no damage.
You throw a stone {throwing}.
The stone {throwing} barely misses the worm.
You throw a stone {throwing}.
The stone {throwing} barely misses the worm.
You throw a stone {throwing}. The stone {throwing} hits the worm.
You throw a stone {throwing}.
The stone {throwing} hits the worm but does no damage.
You throw a stone {throwing}. The stone {throwing} hits the worm.
You hit the worm. You freeze the worm. You grab the worm.
You constrict the worm. The worm closely misses you. 😕 HP[+1]
You sock the worm! You burn the worm.
You kill the worm!
Unknown command.
d - 221 stones {throwing} (gained 3)
Things that are here:
a +0 dagger {short}; a kobold corpse 😎 HP[+1]
Your hp is fully restored (42).
You now have 166 gold pieces (gained 13).
d - 222 stones {throwing} (gained 1)
d - 224 stones {throwing} (gained 2)
d - 225 stones {throwing} (gained 1)
An ogre comes into view. It is wielding a +0 giant club.
The ogre moves out of view.
d - 226 stones {throwing} (gained 1)
d - 227 stones {throwing} (gained 1)
Found an ancient bone altar of Kikubaaqudgha.
Xom's power flows through you!
You attempt to intoxicate your foes!
The ogre looks rather confused.
The world spins around you!
The ogre shouts!
The ogre barely misses you.
You barely miss the ogre. The ogre hits you with a +0 giant club!
The ogre hits itself with a +0 giant club. 😮 HP[-17]
You take 17 damage, and now have 25/42 hp.
MASSIVE DAMAGE!! (PAUSE)
You barely miss the ogre.
You strike the helpless ogre from behind!
You hit the ogre. You burn the ogre. You squeeze the ogre.
The world stops spinning.
The ogre seems less confused.
The ogre misses you.
You sock the ogre!
The ogre is poisoned.
The ogre hits you with a +0 giant club!!
Ouch! That really hurt!
You die...
Xom laughs nastily!

Skill      XL: |  1  2  3  4  5  6 |
---------------+-------------------+-----
Dodging        | 3 4 5 6 |  6.1
Translocations | 1 3 |  3.7
Fighting       | |  3.0
Long Blades    | |  3.0

Action                   |  1- 3 |  4- 6 || total
-------------------------+-------+-------++-------
Melee: Falchion          |    35 |    22 ||    57
       Constrict         |    12 |    21 ||    33
       Tentacles         |     8 |    23 ||    31
       Short sword       |       |    53 ||    53
       Punch             |       |     1 ||     1
       Quarterstaff      |       |    15 ||    15
Throw: Stone             |    85 |     6 ||    91
Evoke: Piece from Xom's  |       |     1 ||     1
  Use: Scroll            |     1 |       ||     1
 Stab: Sleeping          |       |     6 ||     6
       Confused          |       |     1 ||     1
Armor: Skin              |       |     9 ||     9
Dodge: Dodged            |    22 |    58 ||    80

Levels and vault maps discovered:
D:1:      dpeg_arrival_morbid_curiosity, layout_basic,
          hellmonk_ecumenical_altar_watching_god
D:2:      layout_basic, basic_altar, uniq_terence
D:3:      layout_basic, uniq_crazy_yiuf_cottage, uniq_sigmund
D:4:      layout_loops_cross, kiku_gazebo_pond_becter, uniq_robin

Notes
Turn   | Place    | Note
-------+----------+-------------------------------------------
     0 | D:1      | spaghetti the Octopode Chaos Knight began the quest for the
                  | Orb.
     0 | D:1      | Reached XP level 1. HP: 16/16 MP: 1/1
     0 | D:1      | magus.rc [v1.9.6]
   479 | D:1      | Reached skill level 3 in Dodging
   479 | D:1      | Reached XP level 2. HP: 19/21 MP: 2/2
   552 | D:1      | XOM: silly message
   765 | D:1      | XOM: swap monsters
   770 | D:1      | Reached XP level 3. HP: 25/26 MP: 3/3
   938 | D:1      | Noticed a great orb of eyes
   939 | D:1      | Found a faded altar of an unknown god.
   976 | D:1      | Noticed a shining eye
   976 | D:1      | Noticed a shining eye
   976 | D:1      | Noticed a floating eye
  1328 | D:1      | Reached skill level 4 in Dodging
  1445 | D:2      | Noticed Terence
  1461 | D:2      | Killed Terence
  1462 | D:2      | Reached XP level 4. HP: 15/31 MP: 4/4
  1466 | D:2      | You add the spells Blink, Manifold Assault and Storm Form
                  | to your library.
  1479 | D:2      | Learned a level 2 spell: Blink
  1832 | D:2      | Found a shadowy altar of Dithmenos.
  1840 | D:2      | Reached skill level 1 in Translocations
  2057 | D:2      | Reached XP level 5. HP: 24/36 MP: 5/5
  2214 | D:3      | Noticed Sigmund
  2224 | D:3      | Killed Sigmund
  2225 | D:3      | Reached skill level 5 in Dodging
  2225 | D:3      | Reached skill level 3 in Translocations
  2225 | D:3      | Reached XP level 6. HP: 42/42 MP: 6/6
  2290 | D:3      | XOM: god gift: club {god gift}
  2554 | D:3      | XOM is BORED!
  2572 | D:3      | XOM: 3-stop teleportation journey
  3100 | D:3      | XOM: cloud trail
  3173 | D:3      | Found a runed translucent door.
  3174 | D:3      | Noticed Crazy Yiuf
  3181 | D:3      | XOM: butterfly on damage
  3182 | D:3      | Killed Crazy Yiuf
  3376 | D:4      | Reached skill level 6 in Dodging
  3458 | D:4      | Found an ancient bone altar of Kikubaaqudgha.
  3460 | D:4      | XOM: cast spell 'Alistair's Intoxication'
  3467 | D:4      | Slain by an ogre

Vanquished Creatures
  Sigmund (D:3)
  An ogre (D:4)
  Crazy Yiuf (D:3)
  Terence (D:2)
  5 adders
  A gnoll (D:1)
  A worm (D:4)
  A dart slug (D:1)
  3 orcs
  9 ball pythons
  5 bats
  2 endoplasms
  2 giant cockroaches
  9 goblins
  5 hobgoblins
  2 quokkas
  5 frilled lizards
  10 kobolds
  3 rats
67 creatures vanquished.

Vanquished Creatures (collateral kills)
  A rat (D:2)
1 creature vanquished.

Grand Total: 68 creatures vanquished

Table legend:
 A = Non-vault XP
 B = Vault XP
 C = Vault XP percentage of total XP
 D = Non-vault monster count
 E = Vault monster count
 F = Vault count percentage of total count
                 A         B        C        D         E       F
            +---------+---------+-------+---------+---------+-------
      Total |     294 |     308 |  51.2 |      60 |       8 |  11.8
            +---------+---------+-------+---------+---------+-------
        D:1 |      45 |       9 |  16.7 |      21 |       5 |  19.2
        D:2 |      78 |      36 |  31.6 |      19 |       1 |   5.0
        D:3 |      38 |     263 |  87.4 |      15 |       2 |  11.8
        D:4 |     133 |       0 |   0.0 |       5 |       0 |   0.0
            +---------+---------+-------+---------+---------+-------

Illustrated notes

Table legend:
 A = Kills in this place as a percentage of kills in entire the game.
 B = Kills by you in this place as a percentage of kills by you in the entire game.
 C = Kills by friends in this place as a percentage of kills by friends in the entire game.
 D = Other kills in this place as a percentage of other kills in the entire game.
 E = Experience gained in this place as a percentage of experience gained in the entire game.
 F = Experience gained in this place divided by the number of levels of this place that you have seen.
                   A       B       C       D       E      F
               +-------+-------+-------+-------+-------+----------------------
         Total | 100.0 | 100.0 | 100.0 |   N/A | 100.0 | 150.5
       Dungeon | 100.0 | 100.0 | 100.0 |   N/A | 100.0 | 150.5
               +-------+-------+-------+-------+-------+----------------------

Table legend: (Time is in decaauts)
 A = Elapsed time spent in this place.
 B = Non-inter-level travel time spent in this place.
 C = Inter-level travel time spent in this place.
 D = Time resting spent in this place.
 E = Time spent auto-exploring this place.
 F = Levels seen in this place.
 G = Mean time per level.
                   A        B        C        D        E       F      G
               +--------+--------+--------+--------+--------+-----+--------+
         Total |   3488 |   3418 |     70 |    667 |   2181 |   4 |  872.0 |
       Dungeon |   3488 |   3418 |     70 |    667 |   2181 |   4 |  872.0 |
               +--------+--------+--------+--------+--------+-----+--------+

Top non-repeatable levels by time:
     D:1: 1418 daAuts
     D:3: 1168 daAuts
     D:2: 798 daAuts
     D:4: 102 daAuts
